 Dungeon Crawl Stone Soup version 0.29-a0-613-gf2c431b9b9 (webtiles) character file.

Game seed: 5569657735427146793

157 moldycheese5 the Skirmisher (level 5, -2/42 HPs)
             Began as a Demonspawn Abyssal Knight on June 16, 2022.
             Was a Believer of Lugonu.
             Slain by a gnoll
             ... wielding a +0 flail
             ... led by a gnoll shaman
              (8 damage)
             ... on level 3 of the Dungeon.
             The game lasted 00:06:28 (3012 turns).

moldycheese5 the Skirmisher (DsAK)                  Turns: 3012, Time: 00:06:28

Health: -2/42      AC:  9    Str: 15    XL:     5   Next: 15%
Magic:  6/6        EV:  9    Int: 12    God:    Lugonu [**....]
Gold:   99         SH:  0    Dex: 13    Spells: 4/4 levels left

rFire   . . .      SeeInvis .   a - +1 falchion
rCold   . . .      Faith    .   (no shield)
rNeg    . . .      Spirit   .   e - +0 scale mail
rPois   .          Reflect  .   (no helmet)
rElec   .          Harm     .   m - +0 cloak {rCorr}
rCorr   +          Rampage  .   (no gloves)
Will    .....                   (no boots)
Stlth   ..........              (no amulet)
HPRegen 0.14/turn               (no ring)
MPRegen 0.20/turn               (no ring)

@: lit by a corona, glowing
A: molten scales 1, magic regeneration, demonic touch 2
a: Renounce Religion, Depart the Abyss, Bend Space


You were on level 3 of the Dungeon.
You worshipped Lugonu.
Lugonu was pleased with you.
You visited 1 branch of the dungeon, and saw 4 of its levels.
You visited the Abyss 1 time.

You collected 99 gold pieces.

Inventory:

Hand Weapons
 a - a +1 falchion (weapon)
Missiles
 j - a throwing net
Armour
 b - a +0 leather armour
 e - a +0 scale mail (worn)
 h - a +0 cloak
 m - a +0 cloak of preservation (worn)
Scrolls
 c - 4 scrolls of identify {unknown}
 g - 2 scrolls of noise {unknown}
 k - a scroll of magic mapping {unknown}
Potions
 d - a potion of invisibility {unknown}
 f - a potion of brilliance {unknown}
 i - 3 potions of heal wounds
 l - a potion of mutation {unknown}
 n - a potion of curing {unknown}


   Skills:
 + Level 3.7 Fighting
 + Level 3.5 Long Blades
 + Level 2.8 Armour
 + Level 1.1 Dodging
 + Level 0.7 Stealth
 + Level 2.5 Invocations


You had 4 spell levels left.
You didn't know any spells.
Your spell library was empty.

Dungeon Overview and Level Annotations

Branches:
Dungeon (4/15)
 Temple: D:4-7

Altars:
Hepliaklqana
Yredelemnul


Innate Abilities, Weirdness & Mutations

You are partially covered in molten scales. (AC +2)
You regenerate magic rapidly.
Your touch may inflict irresistible damage on your foes.


Message History

The gnoll closely misses you.
The gnoll shaman calls down the wrath of its god upon you.
You resist with some effort.
You hit the adder.
You touch the adder.
You kill the adder!
Lugonu accepts your kill. The gnoll hits you with a +0 club.
The gnoll closely misses you.
An orc comes into view. It is wielding a +0 dagger.
You are too injured to fight recklessly!
You are too injured to fight recklessly!
You are too injured to fight recklessly!
You are too injured to fight recklessly!
The gnoll closely misses you.
The gnoll shaman calls upon its god to speed up the gnoll.
The gnoll seems to speed up.
The gnoll closely misses you. The gnoll attacks as you move away!
The gnoll misses you.
The gnoll shaman calls down the wrath of its god upon you.
You are outlined in light.
The gnoll hits you with a +0 flail. The gnoll hits you with a +0 flail.
The gnoll attacks as you move away! The gnoll hits you with a +0 flail!
* * * LOW HITPOINT WARNING * * *
The gnoll closely misses you.
There is a stone staircase leading up here.
The gnoll hits you with a +0 flail.
* * * LOW HITPOINT WARNING * * *
The gnoll hits you but does no damage.
You climb upwards.
There is a stone staircase leading down here.
You are too injured to fight recklessly!
You are too injured to fight recklessly!
You are too injured to fight recklessly!
You are too injured to fight recklessly!
You are too injured to fight recklessly!
You are too injured to fight recklessly!
You are too injured to fight recklessly!
You barely miss the gnoll.
You touch the gnoll!
The gnoll is severely wounded.
The gnoll hits you with a +0 flail!
You die...

####.#.....#..##.#
...........##.##.#
..##.##....##.##.#
..##.###+####..#.#
..##.# #.# ##.#.#
..##.###.# #...#
..##...#.# ##..#
..####.#.######..#
.........#.....g@#
##.###.###.#######
#.#.#...#.#
#.#..<#.#.#
#.#.###.#.#
#.#.###.#.#
#.#.....#.#
#.#######.#
##.#######.#


You could see a gnoll (fast).

Vanquished Creatures
  Crazy Yiuf (D:3)
  Terence (D:2)
  A gnoll (D:4)
  4 adders
  2 dart slugs
  2 orcs (D:3)
  5 endoplasms
  3 giant cockroaches
  7 goblins
  2 hobgoblins
  5 jackals
  2 quokkas (D:2)
  2 ball pythons
  3 bats
  5 frilled lizards
  A kobold (D:3)
  9 rats
55 creatures vanquished.

Notes
Turn   | Place    | Note
-------+----------+-------------------------------------------
     0 | Abyss:1  | moldycheese5 the Demonspawn Abyssal Knight began the quest
                  | for the Orb.
     0 | Abyss:1  | Reached XP level 1. HP: 18/18 MP: 2/2
     0 | D:1      | Escaped the Abyss
    59 | D:1      | Reached skill level 1 in Dodging
   288 | D:1      | Gained mutation: Your touch may inflict minor irresistible
                  | damage on your foes. [demonic ancestry]
   288 | D:1      | Reached XP level 2. HP: 24/24 MP: 3/3
   562 | D:1      | Found a faded altar of an unknown god.
   983 | D:2      | Gained mutation: Your touch may inflict irresistible damage
                  | on your foes. [demonic ancestry]
   983 | D:2      | Reached XP level 3. HP: 21/29 MP: 4/4
  1585 | D:2      | Noticed Terence
  1592 | D:2      | Killed Terence
  1652 | D:2      | Found a hazy altar of Hepliaklqana.
  1912 | D:3      | Found a basalt altar of Yredelemnul.
  1935 | D:3      | Gained mutation: You are partially covered in molten
                  | scales. (AC +2) [demonic ancestry]
  1935 | D:3      | Reached XP level 4. HP: 35/35 MP: 5/5
  2622 | D:3      | Found a runed translucent door.
  2638 | D:3      | Noticed Crazy Yiuf
  2651 | D:3      | Killed Crazy Yiuf
  2989 | D:4      | Gained mutation: You regenerate magic rapidly. [demonic
                  | ancestry]
  2989 | D:4      | Reached XP level 5. HP: 41/41 MP: 6/6
  3012 | D:3      | Slain by a gnoll

Illustrated notes

Levels and vault maps discovered:
D:1:      lemuel_arrival_lava_pool, layout_basic,
          dreamdust_ecumenical_altar_angels_and_demons
D:2:      layout_loops_ring, basic_altar, minmay_tetromino_i4, uniq_terence
D:3:      layout_basic, nicolae_overflow_crystal_walls, uniq_crazy_yiuf_cottage
D:4:      minmay_wonky_spiral, layout_rooms, minitemple

Skill      XL: |  1  2  3 |
---------------+----------+-----
Dodging        | 1 |  1.1
Armour         | 2 |  2.8
Long Blades    | 2 3 |  3.5
Fighting       | |  3.7
Stealth        | |  0.7
Invocations    | |  2.5

Action                   |  1- 3 |  4- 6 || total
-------------------------+-------+-------++-------
Melee: Falchion          |    88 |    58 ||   146
       Touch             |    12 |    10 ||    22
       Punch             |       |     1 ||     1
Invok: Depart the Abyss  |     1 |       ||     1
Armor: Leather armour    |    13 |       ||    13
       Scale mail        |    31 |    34 ||    65
Dodge: Dodged            |    40 |    36 ||    76

Table legend: (Time is in decaauts)
 A = Elapsed time spent in this place.
 B = Non-inter-level travel time spent in this place.
 C = Inter-level travel time spent in this place.
 D = Time resting spent in this place.
 E = Time spent auto-exploring this place.
 F = Levels seen in this place.
 G = Mean time per level.
                   A        B        C        D        E       F      G
               +--------+--------+--------+--------+--------+-----+--------+
         Total |   3021 |   2854 |    167 |    382 |   2062 |   5 |  604.2 |
       Dungeon |   3021 |   2854 |    167 |    382 |   2062 |   4 |  755.2 |
         Abyss |      0 |      0 |      0 |      0 |      0 |   1 |    0.0 |
               +--------+--------+--------+--------+--------+-----+--------+

Top non-repeatable levels by time:
     D:3: 1107 daAuts
     D:2: 976 daAuts
     D:1: 823 daAuts
     D:4: 114 daAuts
